AoeStats
← slampawiscool

Arabia

503213379Analyzed
1v1 RM · 1mo ago on Aug 30, 2026· 51m 7s· 2 players
Game mode
Random Map
Map size
Tiny (2 player)
Population
200
Speed
Normal
Resources
Standard
Victory
Conquest
Starting age
Dark Age
Ending age
Imperial Age
RankedLock teamsTeams togetherTeam positionsShared explorationLock speedFull tech treeHidden civsTurbo modeCheats
Victory
Defeat
🇪🇸 Mongols · Spain
1019
+15
🇺🇸 Persians · United States
1004
-15
slampawiscool
5:04 Loom
9:46 Feudal Age
11:25 Double-Bit Axe
11:26 Horse Collar
15:51 Bloodlines
22:03 Castle Age
21:19 Gold Mining
21:42 Scale Barding Armor
22:41 Forging
22:42 Stone Mining
24:45 Iron Casting
25:14 Heavy Plow
28:36 Wheelbarrow
29:40 Chain Barding Armor
30:44 Kamandaran
30:57 Crossbowman
33:54 Fletching
34:04 Padded Archer Armor
41:05 Hand Cart
41:38 Gold Shaft Mining
45:26 Imperial Age
43:40 Thumb Ring
44:08 Bow Saw
45:33 Bodkin Arrow
45:53 Leather Archer Armor
46:44 Two-Man Saw
46:59 Conscription
47:46 Crop Rotation
48:26 Chemistry
47:47 Ballistics
48:55 Husbandry
51:19 Ring Archer Armor
sergio_S10
2:06 Loom
3:21 Loom
10:04 Feudal Age
12:27 Double-Bit Axe
15:15 Wheelbarrow
15:02 Fletching
22:45 Castle Age
20:38 Horse Collar
21:33 Gold Mining
21:57 Padded Archer Armor
24:56 Thumb Ring
24:12 Crossbowman
24:52 Bodkin Arrow
25:10 Town Watch
25:52 Squires
26:39 Pikeman
27:27 Scale Mail Armor
28:09 Hand Cart
35:01 Gold Shaft Mining
37:35 Imperial Age
36:03 Husbandry
36:13 Bloodlines
38:46 Scale Barding Armor
38:53 Forging
39:15 Cavalier
39:22 Heavy Camel Rider
40:43 Heavy Plow
40:56 Bow Saw
41:58 Conscription
42:38 Light Cavalry
44:53 Chain Barding Armor
44:25 Hussar
46:38 Iron Casting
Connection lost

Rejoining the realm…

Still unreachable

The connection could not be restored.

Session expired

The server has moved on; the page needs a fresh start.